 Dungeon Crawl Stone Soup version 0.25-a0-178-gc9f82b1288 (webtiles) character file.

Game seed: 12980143340662276121, levelgen mode: deterministic

9056 Arum the Fighter (level 11, -1/93 HPs)
             Began as a Formicid Fighter on Nov 26, 2019.
             Was a Believer of Okawaru.
             Slain by a killer bee (7 damage)
             ... on level 10 of the Dungeon.
             The game lasted 00:20:22 (13474 turns).

Arum the Fighter (Formicid Fighter)                Turns: 13474, Time: 00:20:23

Health: -1/93      AC: 13    Str: 24    XL:     11   Next: 67%
Magic:  9/11       EV: 12    Int:  8    God:    Okawaru [**....]
Gold:   552        SH: 13    Dex: 10    Spells: 10/10 levels left

rFire    . . .     SeeInvis +   a - +1 quarterstaff
rCold    . . .     Gourm    .   c - +0 shield
rNeg     + . .     Faith    .   b - +0 scale mail
rPois    .         Spirit   .   (helmet unavailable)
rElec    .         Reflect  .   (no cloak)
rCorr    +         Harm     .   y - +0 pair of gloves
MR       +....                  j - +0 pair of boots
Stlth    +.........             J - amulet of magic regeneration
HPRegen  0.25/turn              L - ring of resist corrosion
MPRegen  0.37/turn              A - ring of positive energy

@: lethally poisoned (-1 -> -9), heroism
A: permanent stasis, dig shafts and tunnels, four strong arms, antennae 3
a: Dig, Shaft Self, Heroism, Renounce Religion


You were on level 10 of the Dungeon.
You worshipped Okawaru.
Okawaru was pleased with you.
You were very hungry.

You visited 2 branches of the dungeon, and saw 11 of its levels.
You also visited: Sewer.

You collected 690 gold pieces.
You spent 138 gold pieces at shops.

Inventory:

Hand Weapons
 a - a +1 quarterstaff (weapon)
Missiles
 p - 7 throwing nets (quivered)
 q - 15 javelins
Armour
 b - a +0 scale mail (worn)
 c - a +0 shield (worn)
 j - a +0 pair of boots (worn)
 y - a +0 pair of gloves (worn)
Jewellery
 n - an uncursed ring of ice
 A - a ring of positive energy (right hand)
 J - an amulet of magic regeneration (around neck)
 L - a ring of resist corrosion (left hand)
 P - a cursed amulet of the gourmand
Wands
 i - a wand of digging (8)
 u - a wand of acid (3)
 v - a wand of paralysis (10)
 E - a wand of iceblast (4)
 G - a wand of flame (4)
 O - a wand of random effects (8)
Scrolls
 g - 9 scrolls of identify
 k - 4 scrolls of enchant weapon
 m - 8 scrolls of teleportation {unknown}
 s - 2 scrolls of fear {unknown}
 t - a scroll of random uselessness {unknown}
 w - 2 scrolls of blinking {unknown}
 B - 3 scrolls of amnesia {unknown}
 F - a scroll of enchant armour
 H - a scroll of immolation {unknown}
 I - a scroll of remove curse
 K - a scroll of vulnerability {unknown}
 Q - a scroll of acquirement {unknown}
Potions
 e - 4 potions of agility
 h - a potion of berserk rage {unknown}
 l - 3 potions of brilliance {unknown}
 o - 4 potions of flight
 x - 4 potions of curing
 z - a potion of might
 C - a potion of lignification
 D - 3 potions of cancellation
 M - a potion of ambrosia
 N - a potion of resistance
Comestibles
 f - 21 rations


   Skills:
 + Level 11.2(16.2) Fighting
 + Level 10.1(15.1) Staves
 + Level 10.6(15.6) Armour
 * Level 6.8(11.8) Shields


You had 10 spell levels left.
You didn't know any spells.
Your spell library contained the following spells:

 Spells                   Type           Power        Failure   Level  Hunger
 Animate Skeleton         Necr           N/A          63%         1    ##.....
 Apportation              Tloc           #.....       63%         1    ##.....
 Confusing Touch          Hex            #.....       63%         1    ##.....
 Corona                   Hex            #......      63%         1    ##.....
 Summon Small Mammal      Summ           #...         63%         1    ##.....
 Slow                     Hex            #.......     77%         2    ###....
 Inner Flame              Hex/Fire       #.......     94%         3    ####...
 Portal Projectile        Hex/Tloc       #.....       94%         3    ####...
 Cause Fear               Hex            #.........   100%        4    #####..
 Leda's Liquefaction      Hex/Erth       #.........   100%        4    #####..


Dungeon Overview and Level Annotations

Branches:
Dungeon (10/15)            Temple (1/1) D:7            Lair (0/6) D:10
  Sewer (visited)
    Orc: D:9-12

Altars:
Ashenzari
Cheibriados
Dithmenos
Elyvilon
Fedhas
Gozag
Hepliaklqana
Kikubaaqudgha
Makhleb
Nemelex Xobeh
Okawaru
Qazlal
Ru
Sif Muna
Trog
Uskayaw
Vehumet
Wu Jian
Xom
Yredelemnul
Zin
The Shining One

Shops:
D:7 *   D:10 [


Innate Abilities, Weirdness & Mutations

You cannot be hasted, slowed, berserked, paralysed or teleported.
You can dig through walls and to a lower floor.
Your four strong arms can wield two-handed weapons with a shield.
You have a pair of large antennae on your head. (SInv)


Message History

You feel sick. You block the killer bee's attack.
The killer bee closely misses you.
You hit the killer bee but do no damage.
The killer bee is moderately wounded.
You feel sick. You block the killer bee's attack.
The killer bee stings you but does no damage.
You hit the killer bee but do no damage.
The killer bee is moderately wounded.
The killer bee stings you.
* * * LOW HITPOINT WARNING * * *
You gain the combat prowess of a mighty hero.
You feel sick. The killer bee stings you.
* * * LOW HITPOINT WARNING * * *
You are lethally poisoned!
The killer bee poisons you! The killer bee stings you.
* * * LOW HITPOINT WARNING * * *
You sock the killer bee!
The killer bee is almost dead.
You block the killer bee's attack. The killer bee stings you!
You die...

#..<.........#
#......}#..?
#...#......
####.?##..##
..#†.#h..{.##
......#..#..#
.###..y###..#####
.##.....##....#y##
.#.......#....{#@#
.#.....P.##...####
..........##..#
..........##..#
.....>.........
.....!..........
...P............
##.......#....
.#.......#


You could see a killer bee.

Vanquished Creatures
  A two-headed ogre (D:8)
  Pikel (D:6)
  A troll (D:10)
  Grinder (D:3)
  2 hippogriffs (D:10)
  Sigmund (D:2)
  Eustachio (D:4)
  A hungry ghost (D:8)
  3 wargs (D:10)
  Edmund (D:3)
  Duvessa (D:4)
  A black bear (D:8)
  3 phantoms
  3 orc warriors
  4 ice beasts
  4 sky beasts
  6 ogres
  4 centaurs
  A crocodile (D:10)
  A gnoll sergeant (D:9)
  Dowan (D:4)
  6 bullfrogs
  A wyvern skeleton (D:8)
  19 killer bees
  8 wights
  4 howler monkeys
  2 bullfrog zombies
  2 crimson imps
  3 centaur zombies
  A bullfrog skeleton (D:6)
  5 orc wizards (D:10)
  2 hounds
  A gnoll shaman (D:6)
  3 orc priests
  2 jellies
  A centaur skeleton (D:10)
  An iguana (D:7)
  Natasha (thrice) (D:2)
  12 worker ants
  A hound skeleton (D:5)
  A worker ant zombie (D:9)
  Robin (D:2)
  61 gnolls
  3 river rats (Sewer)
  18 adders
  2 shadow imps
  3 oozes
  2 adder zombies (D:9)
  An adder skeleton (D:7)
  A worm (D:6)
  3 dart slugs
  11 leopard geckos
  35 orcs
  12 giant cockroaches
  2 gnoll zombies (D:2)
  6 hobgoblins
  16 jackals
  28 kobolds
  3 quokkas
  4 ball pythons
  5 bats
  6 frilled lizards
  17 goblins
  A leopard gecko zombie (D:5)
  A quokka skeleton (D:7)
  23 rats
385 creatures vanquished.

Vanquished Creatures (others)
  2 slaves (D:6)
  A gnoll shaman (D:6)
  An orc wizard (D:6)
  4 gnolls (D:6)
  2 orcs (D:6)
  2 jackals (D:6)
12 creatures vanquished.

Grand Total: 397 creatures vanquished

Notes
Turn   | Place    | Note
-------+----------+-------------------------------------------
     0 | D:1      | Arum the Formicid Fighter began the quest for the Orb.
     0 | D:1      | Reached XP level 1. HP: 18/18 MP: 1/1
    75 | D:1      | Reached XP level 2. HP: 24/24 MP: 2/2
   588 | D:1      | Reached XP level 3. HP: 30/30 MP: 3/3
   745 | D:2      | Found a hazy altar of Hepliaklqana.
   876 | D:2      | Noticed Robin
   886 | D:2      | Reached skill level 4 in Fighting
   891 | D:2      | Reached XP level 4. HP: 37/37 MP: 4/4
   908 | D:2      | Killed Robin
  1161 | D:2      | Reached XP level 5. HP: 39/43 MP: 5/5
  1190 | D:2      | Noticed Sigmund
  1204 | D:2      | Killed Sigmund
  1204 | D:2      | Reached skill level 5 in Fighting
  1204 | D:2      | Reached skill level 5 in Shields
  1204 | D:2      | Reached XP level 6. HP: 32/51 MP: 6/6
  1367 | D:2      | Noticed Natasha
  1371 | D:2      | Killed Natasha
  1547 | D:2      | Noticed Natasha
  1551 | D:2      | Killed Natasha
  1653 | D:2      | Found a basalt altar of Yredelemnul.
  1698 | D:2      | Noticed Natasha
  1711 | D:2      | Killed Natasha
  1908 | D:3      | Reached XP level 7. HP: 56/56 MP: 7/7
  2617 | D:3      | Noticed Grinder
  2695 | D:3      | Killed Grinder
  2695 | D:3      | Reached skill level 6 in Fighting
  2695 | D:3      | Reached skill level 5 in Staves
  2695 | D:3      | Reached XP level 8. HP: 42/64 MP: 8/8
  3001 | D:3      | Found a faded altar of an unknown god.
  3151 | D:4      | Noticed Edmund
  3195 | D:3      | HP: 3/64 [worker ant (5)]
  3202 | D:3      | HP: 3/64 [poisoned by a worker ant]
  3210 | D:3      | HP: 2/64 [poisoned by a worker ant]
  3542 | D:3      | Killed Edmund
  3542 | D:3      | Reached skill level 5 in Armour
  4221 | D:4      | Reached skill level 7 in Fighting
  4308 | D:4      | Noticed Dowan
  4310 | D:4      | Noticed Duvessa
  4459 | D:4      | Killed Duvessa
  4531 | D:4      | Noticed Eustachio
  4557 | D:4      | Killed Eustachio
  4557 | D:4      | Reached XP level 9. HP: 58/72 MP: 9/9
  4589 | D:4      | Killed Dowan
  4650 | D:4      | Found a snail-covered altar of Cheibriados.
  5055 | D:5      | Entered Level 5 of the Dungeon
  5354 | D:5      | Reached skill level 8 in Fighting
  5614 | D:5      | Found an ancient bone altar of Kikubaaqudgha.
  6199 | D:6      | Found a glowing drain.
  6228 | Sewer    | Entered a sewer
  6968 | D:6      | Noticed Pikel
  6995 | D:6      | Killed Pikel
  6995 | D:6      | Reached skill level 9 in Fighting
  6995 | D:6      | Reached XP level 10. HP: 81/83 MP: 10/10
  7123 | D:6      | Found a sparkling altar of Nemelex Xobeh.
  7140 | D:6      | Found a stormy altar of Qazlal.
  9465 | D:7      | Found a staircase to the Ecumenical Temple.
  9490 | Temple   | Entered the Ecumenical Temple
  9516 | Temple   | Became a worshipper of Warmaster Okawaru
 10021 | D:7      | Reached skill level 10 in Fighting
 10112 | D:7      | Found a radiant altar of Vehumet.
 10165 | D:7      | Found a glowing golden altar of the Shining One.
 10183 | D:7      | Found Zusuacrargh's Assorted Antiques.
 10188 | D:7      | Bought a scroll labeled QOUMESHRUMAHO for 23 gold pieces
 10188 | D:7      | Bought a dented malachite amulet for 115 gold pieces
 10339 | D:8      | Reached * piety under Okawaru
 10750 | D:8      | Noticed a two-headed ogre
 10798 | D:8      | Killed a two-headed ogre
 10798 | D:8      | Reached XP level 11. HP: 71/92 MP: 11/11
 10949 | D:8      | Reached ** piety under Okawaru
 11121 | D:8      | Found an opulent altar of Gozag.
 11167 | D:8      | Reached skill level 10 in Armour
 11704 | D:9      | Found a hide-covered altar of Uskayaw.
 11821 | D:9      | Found an ancient bone altar of Kikubaaqudgha.
 12209 | D:9      | Reached skill level 11 in Fighting
 12478 | D:10     | Entered Level 10 of the Dungeon
 12491 | D:10     | Found Sumn's Armour Shoppe.
 12506 | D:10     | HP: 3/93 [troll (6)]
 12530 | D:10     | Reached skill level 10 in Staves
 12854 | D:10     | Found a staircase to the Lair.
 13474 | D:10     | Slain by a killer bee

Levels and vault maps discovered:
D:1:      dpeg_arrival_rooms_with_view, layout_basic, kennysheep_doodads
D:2:      layout_basic, lemuel_zombie_altar_yredelemnul,
          lemuel_coloured_pillars_altar, first_ration, serial_park_tiny_2,
          minmay_tree_intersection, uniq_robin, uniq_sigmund, uniq_natasha
D:3:      layout_loops_ring, chequers_ecumenical_altar_grove, hex_tiny,
          uniq_grinder
D:4:      layout_basic, kennysheep_slug_shrine, uniq_edmund, uniq_duvessa,
          uniq_eustachio
D:5:      minmay_skewed_foursquare, layout_basic, old_standard_altar, hex_large
D:6:      lemuel_castle_with_subvaults [lemuel_castle_interior_original],
          layout_cave_pools, nicolae_qazlal_style_of_elements, basic_altar,
          portal_sewer_entry_f, dk_noncrumbling_3, minmay_chambers_of_fives,
          uniq_pikel
D:7:      layout_basic, overflow_temple_1_default, marbit_many_paths,
          temple_pool_b, serial_shops, shop
D:8:      layout_basic, nicolae_gozag_cash_rules_everything_around_me
D:9:      layout_stronghold, lemuel_crystal_altar, basic_altar
D:10:     layout_cave_pools, erik_lair_orcish_takeover, serial_shops,
          nicolae_shop_crystal, shop, nicolae_shop_stone
Temple:   cyrus_circular_temple

Skill      XL: |  1  2  3  4  5  6  7  8  9 10 11 |
---------------+----------------------------------+-----
Shields        | 4 5 6 |  6.8
Fighting       | 4 5 6 7 9 10 11 | 11.2
Staves         | 3 4 5 6 8 9 10 | 10.1
Armour         | 4 6 8 9 10 | 10.6

Action                   |  1- 3 |  4- 6 |  7- 9 | 10-12 || total
-------------------------+-------+-------+-------+-------++-------
Melee: Quarterstaff      |   108 |   111 |   648 |   772 ||  1639
Throw: Javelin           |       |       |     1 |       ||     1
       Throwing net      |       |       |     1 |       ||     1
Invok: Heroism           |       |       |       |     7 ||     7
 Abil: Dig               |     2 |     1 |     7 |     6 ||    16
Evoke: Wand              |       |       |       |     6 ||     6
  Use: Potion            |       |       |     8 |     2 ||    10
       Scroll            |       |       |     4 |     4 ||     8
  Eat: Chunk             |       |     4 |    18 |    22 ||    44
Armor: Scale mail        |    38 |    33 |   228 |   268 ||   567
       Skin              |       |       |     7 |       ||     7
Dodge: Dodged            |    34 |    25 |   250 |   306 ||   615
Block: Shield            |    48 |    38 |       |    81 ||   167
       Buckler           |       |     4 |   135 |   138 ||   277

Table legend:
 A = Non-vault XP
 B = Vault XP
 C = Vault XP percentage of total XP
 D = Non-vault monster count
 E = Vault monster count
 F = Vault count percentage of total count
                 A         B        C        D         E       F
            +---------+---------+-------+---------+---------+-------
      Total |    9104 |    3834 |  29.6 |     236 |     148 |  38.5
            +---------+---------+-------+---------+---------+-------
        D:1 |      24 |       5 |  17.2 |      14 |       2 |  12.5
        D:2 |     186 |     297 |  61.5 |      32 |      15 |  31.9
        D:3 |     436 |     426 |  49.4 |      35 |       2 |   5.4
        D:4 |     488 |     424 |  46.5 |      14 |       4 |  22.2
        D:5 |     742 |     239 |  24.4 |      23 |       2 |   8.0
        D:6 |     507 |    1659 |  76.6 |      13 |      66 |  83.5
        D:7 |    1240 |      13 |   1.0 |      26 |       1 |   3.7
        D:8 |    2187 |       0 |   0.0 |      27 |       0 |   0.0
        D:9 |    1217 |       0 |   0.0 |      23 |       0 |   0.0
       D:10 |    1970 |     631 |  24.3 |      27 |       8 |  22.9
     Temple |     107 |       0 |   0.0 |       2 |       0 |   0.0
      Sewer |       0 |     140 | 100.0 |       0 |      48 | 100.0
            +---------+---------+-------+---------+---------+-------
